 Dungeon Crawl Stone Soup version 0.30.0-19-g36f170ea60 (webtiles) character file.

Game seed: 13696111809717696292

2670 ChrisAssaf the Skirmisher (level 9, -2/71 HPs)
             Began as a Gnoll Hunter on May 26, 2023.
             Was a High Priest of Ru.
             Slain by a gnoll sergeant
             ... wielding a +0 halberd
              (5 damage)
             ... in a bailey.
             The game lasted 00:33:14 (6612 turns).

ChrisAssaf the Skirmisher (Gnoll Hunter)            Turns: 6612, Time: 00:33:15

Health: -2/71      AC:  7    Str:  8    XL:     9   Next: 63%
Magic:  24/24      EV: 10    Int: 11    God:    Ru [*****.]
Gold:   373        SH:  0    Dex: 16    Spells: 14/17 levels left

rFire   x . .        p - +2 halberd (flame)
rCold   x . .        (shield currently unavailable)
rNeg    . . .        c - +1 leather armour
rPois   .            u - +2 helmet {SInv}
rElec   .            (no cloak)
rCorr   .            (no gloves)
SInv    +            (no boots)
Will    .....        x - amulet "Bala" {Acrobat Rampage Regen+ MP+9 Str-4}
Stlth   +++          (no ring)
HPRegen 1.11/turn    (no ring)
MPRegen 0.19/turn

%: acrobat, rampage
@: no status effects
A: fangs 1, inability to train dodging, inability to train armour, temperature
sensitive, strong nose, distributed training
a: Renounce Religion, Draw Out Power, Power Leap, Apocalypse


You were in a bailey.
You worshipped Ru.
Ru was extremely pleased with you.
You visited 1 branch of the dungeon, and saw 7 of its levels.
You also visited: Sewer and Bailey.

You collected 450 gold pieces.
You spent 77 gold pieces at shops.

Inventory:

Hand Weapons
 j - a +2 shortbow of draining
 p - a +2 halberd of flaming (weapon)
Missiles
 d - 2 atropa-tipped darts
 f - 8 poisoned darts
Armour
 a - the +2 helmet of Elyvilon's Delight {rC+ Str-5 Dex+3}
   (You found it on level 4 of the Dungeon)

   Str:       It affects your strength (-5).
   Dex:       It affects your dexterity (+3).
   rC:        It protects you from cold.
 c - a +1 leather armour (worn)
 u - a +2 helmet of see invisible (worn)
Jewellery
 n - a ring of poison resistance
 v - a ring of flight
 x - the amulet "Bala" (around neck) {Acrobat Rampage Regen+ MP+9 Str-4}
   (You found it in a sewer)

   [amulet of the acrobat]

   It increases your evasion while moving and waiting.
   Str:       It affects your strength (-4).
   MP:        It affects your magic capacity (+9).
   Regen:     It increases your rate of health regeneration.
   Rampage:   It bestows one free step when moving towards enemies.
 y - an amulet of regeneration
 B - an amulet of reflection
 D - a +6 ring of intelligence
Wands
 o - a wand of polymorph (15)
Scrolls
 b - 2 scrolls of blinking
 i - 2 scrolls of noise
 m - 2 scrolls of teleportation
 r - a scroll of immolation
Potions
 e - a potion of brilliance {unknown}
 h - 2 potions of flight
 k - a potion of ambrosia {unknown}
 q - 2 potions of berserk rage
 s - 3 potions of attraction {unknown}
 t - 3 potions of heal wounds
 w - 2 potions of haste {unknown}
 z - 4 potions of mutation {unknown}
 A - a potion of degeneration {unknown}
 C - 3 potions of curing {unknown}
 E - a potion of cancellation {unknown}


   Skills:
 + Level 6.6 Fighting
 + Level 4.6 Short Blades
 + Level 4.6 Long Blades
 + Level 4.6 Axes
 + Level 4.6 Maces & Flails
 + Level 4.6 Polearms
 + Level 4.6 Staves
 + Level 9.7 Ranged Weapons
 + Level 4.6 Throwing
   Level 0.0 Armour
   Level 0.0 Dodging
 + Level 5.2 Stealth
 + Level 4.6 Shields
 + Level 4.6 Unarmed Combat
 + Level 4.6 Spellcasting
 + Level 3.8 Conjurations
 + Level 3.8 Hexes
 + Level 3.8 Summonings
 + Level 3.8 Necromancy
 + Level 3.8 Translocations
 + Level 3.8 Transmutations
 + Level 3.8 Fire Magic
 + Level 3.8 Ice Magic
 + Level 3.8 Air Magic
 + Level 3.8 Earth Magic
 + Level 3.8 Poison Magic
 + Level 5.1 Invocations
 + Level 4.6 Evocations


You had 14 spell levels left.
You knew the following spells:

 Your Spells              Type           Power      Damage    Failure   Level
a - Volatile Blastmotes   Fire/Tloc      20%        2d11      21%         3

Your spell library contained the following spells:

 Spells                   Type           Power      Damage    Failure   Level
 Dazzling Flash           Conj/Hex       20%        N/A       21%         3
 Iskenderun's Mystic Bla  Conj/Tloc      10%        2d4       56%         4
 Starburst                Conj/Fire      5%         6d4       100%        6


Dungeon Overview and Level Annotations

Branches:
Dungeon (7/15)             Temple (0/1) D:4           Sewer (visited)
 Bailey (1/1)

Altars:
Elyvilon
Ru
Zin

Shops:
D:3 ?   D:5 =


Innate Abilities, Weirdness & Mutations

You have very sharp teeth.
You cannot train Dodging skill.
You cannot train Armour skill.
You are sensitive to extremes of temperature. (rF-, rC-)
Your uncanny sense of smell can sniff out nearby items.
Your experience applies equally to all skills.


Message History

Fire: j) +2 shortbow (drain)
Press: ? - help, Q - select action, (/) - cycle Shift-Dir - straight line, f/p - wolf
Aim: a wolf (almost dead, 55% to hit)
You shoot an arrow. The arrow misses the wolf.
The arrow hits the gnoll.
You kill the gnoll!
The wolf bites you. The wolf bites you but does no damage.
Your +2 halberd of flaming bursts into flame!
p - a +2 halberd of flaming (weapon)
The wolf bites you but does no damage.
Okay, then.
It was a potion of heal wounds.
You feel much better. The wolf bites you but does no damage.
You hit the wolf but do no damage.
The wolf is severely wounded.
The wolf closely misses you. The gnoll sergeant barely misses you.
The wolf bites you.
You miss the wolf.
The wolf is severely wounded.
The wolf bites you!
The wolf is stunned by your conviction and fails to attack.
The gnoll sergeant hits you from afar with a +0 halberd!
The wolf bites you.
You focus your inner power and paralyse the wolf in retribution!
The helpless wolf fails to defend itself.
You hit the wolf. You burn the wolf. You bite the wolf, but do no damage.
The wolf is almost dead.
The gnoll sergeant hits you from afar with a +0 halberd!
The helpless wolf fails to defend itself.
You slash the wolf! You burn the wolf.
You kill the wolf!
The gnoll sergeant hits you from afar with a +0 halberd.
* * * LOW HITPOINT WARNING * * *
You rampage towards the gnoll sergeant!
You puncture the gnoll sergeant! You burn the gnoll sergeant.
The gnoll sergeant is almost dead.
You recover from your berserk rage.
The gnoll sergeant hits you from afar with a +0 glaive!
* * * LOW HITPOINT WARNING * * *
The gnoll sergeant hits you with a +0 halberd.
You die...

### ♣∩♣ ♣@♣ ♣♣g♣♣
♣♣♣♣.g.♣♣
♣♣....)..♣♣♣♣
♣♣♣.....).....♣♣♣
♣♣...............♣♣
♣♣≈≈≈≈≈≈≈.).≈≈≈≈≈≈≈♣♣
♣≈≈........(......≈≈♣
♣≈.................≈♣


You could see 2 gnoll sergeants.

Vanquished Creatures
  The ghost of Kamelo the Trooper, an amateur MiBe of Trog (D:4)
  3 black bears
  3 wolves (Bailey)
  A centaur (D:6)
  4 bullfrogs
  3 gnoll sergeants (Bailey)
  3 scorpions
  4 wights (D:5)
  A howler monkey (D:4)
  6 hounds
  2 jellies (D:6)
  3 gnoll boudas
  4 iguanas
  2 sleepcaps
  7 orc wizards
  11 gnolls
  A river rat (D:5)
  9 adders
  2 white imps
  2 ufetubi
  3 dart slugs
  2 worms
  7 orcs
  15 ball pythons
  14 endoplasms
  11 giant cockroaches
  11 goblins
  9 hobgoblins
  3 jackals (D:2)
  11 kobolds
  14 quokkas
  6 bats
  9 frilled lizards
  9 rats
196 creatures vanquished.

Vanquished Creatures (others)
  A swamp drake (D:6)
  An orc (D:5)
2 creatures vanquished.

Grand Total: 198 creatures vanquished

Notes
Turn   | Place    | Note
-------+----------+-------------------------------------------
     0 | D:1      | ChrisAssaf the Gnoll Hunter began the quest for the Orb.
     0 | D:1      | Reached XP level 1. HP: 20/20 MP: 1/1
   106 | D:1      | Reached XP level 2. HP: 26/26 MP: 2/2
   301 | D:2      | Reached XP level 3. HP: 30/31 MP: 3/3
   397 | D:3      | Reached skill level 1 in Invocations
   403 | D:3      | Found a runed translucent door.
   404 | D:3      | Noticed Kamelo's ghost (amateur MiBe)
   513 | D:3      | Learned a level 3 spell: Volatile Blastmotes
   720 | D:3      | Reached skill level 1 in Short Blades
   720 | D:3      | Reached skill level 1 in Long Blades
   720 | D:3      | Reached skill level 1 in Axes
   720 | D:3      | Reached skill level 1 in Maces & Flails
   720 | D:3      | Reached skill level 1 in Polearms
   720 | D:3      | Reached skill level 1 in Staves
   720 | D:3      | Reached skill level 1 in Throwing
   720 | D:3      | Reached skill level 1 in Armour
   720 | D:3      | Reached skill level 1 in Shields
   720 | D:3      | Reached skill level 1 in Unarmed Combat
   720 | D:3      | Reached skill level 1 in Spellcasting
   720 | D:3      | Reached skill level 1 in Evocations
   812 | D:3      | Reached XP level 4. HP: 15/38 MP: 5/5
   829 | D:2      | Found a faded altar of an unknown god.
   862 | D:2      | Reached skill level 1 in Conjurations
   862 | D:2      | Reached skill level 1 in Hexes
   862 | D:2      | Reached skill level 1 in Summonings
   862 | D:2      | Reached skill level 1 in Necromancy
   862 | D:2      | Reached skill level 1 in Translocations
   862 | D:2      | Reached skill level 1 in Transmutations
   862 | D:2      | Reached skill level 1 in Fire Magic
   862 | D:2      | Reached skill level 1 in Ice Magic
   862 | D:2      | Reached skill level 1 in Air Magic
   862 | D:2      | Reached skill level 1 in Earth Magic
   862 | D:2      | Reached skill level 1 in Poison Magic
   894 | D:2      | Prayed at the altar of an unknown god.
   894 | D:2      | Became a worshipper of Ru the Awakened
   918 | D:2      | Gained mutation: You are sensitive to extremes of
                  | temperature. (rF-, rC-) [Ru sacrifice]
   918 | D:2      | Reached * piety under Ru
   918 | D:2      | Reached ** piety under Ru
  2179 | D:1      | Reached XP level 5. HP: 43/43 MP: 7/7
  2899 | D:3      | Found Alye's Magic Scroll Shoppe.
  2902 | D:3      | Bought a scroll of teleportation for 33 gold pieces
  2902 | D:3      | Bought a scroll of identify for 22 gold pieces
  2902 | D:3      | Bought a scroll of identify for 22 gold pieces
  2903 | D:3      | Identified a scroll of acquirement
  2904 | D:3      | Acquired a +2 shortbow of draining
  3039 | D:4      | Reached XP level 6. HP: 50/50 MP: 8/8
  3113 | D:4      | Reached skill level 5 in Fighting
  3113 | D:4      | Reached skill level 5 in Dodging
  3154 | D:4      | Identified the +2 helmet of Elyvilon's Delight {rC+ Str-5
                  | Dex+3}
  3241 | D:4      | Killed Kamelo's ghost
  3242 | D:4      | Reached XP level 7. HP: 29/56 MP: 10/10
  3394 | D:4      | Reached skill level 9 in Ranged Weapons
  3728 | D:4      | Found a sacrificial altar of Ru.
  3732 | D:4      | Gained mutation: You cannot train Armour skill. [Ru
                  | sacrifice]
  3732 | D:4      | Reached *** piety under Ru
  3852 | D:4      | Found a staircase to the Ecumenical Temple.
  4166 | D:5      | Entered Level 5 of the Dungeon
  4332 | D:5      | Reached XP level 8. HP: 63/63 MP: 12/12
  4453 | D:5      | Found a glowing drain.
  4457 | Sewer    | Entered a sewer
  4727 | Sewer    | Identified the amulet "Bala" {Acrobat Rampage Regen+ MP+9
                  | Str-4}
  5288 | D:5      | Found a glowing silver altar of Zin.
  5295 | D:5      | Found a white marble altar of Elyvilon.
  5332 | D:5      | Found Duahanlu's Jewellery Boutique.
  5861 | D:6      | Reached XP level 9. HP: 69/69 MP: 14/14
  6391 | D:7      | Noticed a hornet
  6409 | D:7      | Gained mutation: You cannot train Dodging skill. [Ru
                  | sacrifice]
  6409 | D:7      | Reached **** piety under Ru
  6409 | D:7      | Reached ***** piety under Ru
  6414 | D:7      | Found a flagged portal.
  6431 | Bailey   | Entered a bailey
  6451 | Bailey   | Reached skill level 5 in Stealth
  6569 | Bailey   | Reached skill level 5 in Invocations
  6612 | Bailey   | HP: 3/71 [gnoll sergeant/+0 glaive (15)]
  6612 | Bailey   | Slain by a gnoll sergeant

Illustrated notes

Levels and vault maps discovered:
D:1:      tarquinn_simple_flora_water_f, layout_basic
D:2:      minmay_razor_zed, layout_basic, ebering_ecumenical_altar_ruins
D:3:      layout_basic, serial_shops, nicolae_shop_tiny_real_fake_doors,
          hellmonk_ghost_happy_afterlife, chequers_decorated_corner,
          serial_bayou_pond_e
D:4:      layout_basic, nicolae_ru_awakened_eye, minmay_temple_entry_fiery,
          chequers_serial_rivers_micro_e
D:5:      layout_loops_ring, mainiacjoe_overflow_big_doors, serial_shops, shop,
          gup_sewer_entry_spiral, ebering_dispersal_statue_hall,
          minmay_tree_intersection
D:6:      layout_loops_ring, minmay_increasing_density
D:7:      layout_basic, kennysheep_okawaru_gauntlet, serial_shops, shop_coins,
          enter_bailey_5
Bailey:   bailey_polearm_gnolls_kennysheep, bailey

Skill      XL: |  1  2  3  4  5  6  7  8  9 |
---------------+----------------------------+-----
Invocations    | 1 2 3 4 5 |  5.1
Short Blades   | 1 2 3 4 |  4.6
Long Blades    | 1 2 3 4 |  4.6
Axes           | 1 2 3 4 |  4.6
Maces & Flails | 1 2 3 4 |  4.6
Polearms       | 1 2 3 4 |  4.6
Staves         | 1 2 3 4 |  4.6
Throwing       | 1 2 3 4 |  4.6
Armour         | 1 2 0 |  0.0
Shields        | 1 2 3 4 |  4.6
Unarmed Combat | 1 2 3 4 |  4.6
Spellcasting   | 1 2 3 4 |  4.6
Evocations     | 1 2 3 4 |  4.6
Conjurations   | 1 2 3 |  3.8
Hexes          | 1 2 3 |  3.8
Summonings     | 1 2 3 |  3.8
Necromancy     | 1 2 3 |  3.8
Translocations | 1 2 3 |  3.8
Transmutations | 1 2 3 |  3.8
Fire Magic     | 1 2 3 |  3.8
Ice Magic      | 1 2 3 |  3.8
Air Magic      | 1 2 3 |  3.8
Earth Magic    | 1 2 3 |  3.8
Poison Magic   | 1 2 3 |  3.8
Stealth        | 3 4 5 |  5.2
Fighting       | 5 6 |  6.6
Dodging        | 5 6 0 |  0.0
Ranged Weapons | 9 |  9.7

Action                     |  1- 3 |  4- 6 |  7- 9 || total
---------------------------+-------+-------+-------++-------
  Melee: Short sword       |    39 |    15 |       ||    54
         Bite              |     6 |     4 |    30 ||    40
         Hand axe          |       |    36 |       ||    36
         Halberd           |       |    49 |   231 ||   280
         Punch             |       |     2 |       ||     2
         Shortbow          |       |     1 |       ||     1
   Fire: Shortbow          |    66 |    92 |   152 ||   310
 Invoke: Sacrifice Resista |       |     1 |       ||     1
         Sacrifice Durabil |       |       |     1 ||     1
         Apocalypse        |       |       |     1 ||     1
         Sacrifice Nimblen |       |       |     1 ||     1
  Evoke: Wand              |       |     1 |     5 ||     6
    Use: Scroll            |     3 |     9 |     8 ||    20
         Potion            |       |       |     3 ||     3
   Stab: Distracted        |       |     1 |       ||     1
         Sleeping          |       |       |     1 ||     1
         Invisible         |       |       |     2 ||     2
         Paralysed         |       |       |     2 ||     2
 Armour: Leather armour    |    12 |    36 |    94 ||   142
  Dodge: Dodged            |    38 |   107 |   237 ||   382
